 Dungeon Crawl Stone Soup version 0.27-a0-223-ge082b6e869 (webtiles) character file.

Game seed: 5178723139003341890

23 haircute the Skirmisher (level 3, 24/24 HPs)
             Began as a Gargoyle Berserker on Feb 2, 2021.
             Was a Believer of Trog.
             Quit the game on level 1 of the Dungeon.
             The game lasted 00:04:07 (753 turns).

haircute the Skirmisher (Gargoyle Berserker)         Turns: 753, Time: 00:04:07

Health: 24/24      AC:  5    Str: 21    XL:     3   Next: 0%
Magic:  3/3        EV: 12    Int:  7    God:    Trog [**....]
Gold:   91         SH:  0    Dex:  9    Spells: 2/2 levels left

rFire    . . .     SeeInvis .   a - +0 mace
rCold    . . .     Faith    .   (no shield)
rNeg     + . .     Spirit   .   b - +0 animal skin
rPois    ∞         Reflect  .   (no helmet)
rElec    +         Harm     .   (no cloak)
rCorr    .         Rampage  .   (no gloves)
Will     .....                  (no boots)
Stlth    +.........             (no amulet)
HPRegen  0.08/turn              (no ring)
MPRegen  0.08/turn              (no ring)

@: no status effects
A: negative energy resistance 1, electricity resistance, unbreathing,
petrification resistance, miasma immunity, AC +3
a: Renounce Religion, Berserk, Trog's Hand


You were on level 1 of the Dungeon.
You worshipped Trog.
Trog was pleased with you.
You visited 1 branch of the dungeon, and saw 2 of its levels.

You collected 91 gold pieces.

Inventory:

Hand Weapons
 a - a +0 mace (weapon)
Armour
 b - a +0 animal skin (worn)
Scrolls
 d - 2 scrolls of teleportation {unknown}
 e - 3 scrolls of enchant weapon {unknown}
 f - a scroll of blinking {unknown}
 g - 2 scrolls of identify {unknown}
Potions
 c - a potion of mutation {unknown}
 h - 2 potions of degeneration {unknown}
 i - a potion of heal wounds {unknown}
 j - 2 potions of might {unknown}


   Skills:
 + Level 3.9 Fighting
 + Level 3.5 Maces & Flails
 - Level 2.1 Armour
 - Level 1.5 Dodging


You had 2 spell levels left.
You didn't know any spells.
Your spell library was empty.

Dungeon Overview and Level Annotations

Branches:
Dungeon (2/15)

Altars:


Innate Abilities, Weirdness & Mutations

You are resistant to torment.
Your stone body is resilient. (AC +3)
You are immune to poison.
You resist negative energy. (rN+)
You are resistant to electric shocks. (rElec)
You can survive without breathing.
You are immune to petrification.
You are immune to miasma.


Message History

Uppercase letters only, please.
You feel stronger.
You see here a frilled lizard corpse.
Unknown command.
You see here a quokka corpse.
Unknown command.
Unknown command.
Unknown command.
You are a level 3 Gargoyle Berserker.
You are 0% of the way to level 4.
Play time: 00:03:16 (752 turns).
Zot will find you in 11232 turns if you stay in this branch and explore no new floors.
Unknown command.
Partly explored, can't reach some places.
Unknown command.
Unknown command.
Unknown command.
Are you sure you want to abandon this character and quit the game? (Confirm with "yes".)
Okay, then.
Unknown command.
Are you sure you want to abandon this character and quit the game? (Confirm with "yes".)

####.##.....##...#...#
.....##.....##.###.#.#####
...............###.#.....#
###.#######.....##.#####.#
..#.#### #.#..###.# #.#####
#.#....####.#..†)#.# #.....#
.†[............>†#.# #####.#
#.#....####.#.#..#.# #.#
#.##...####.#...@..# #######.#
#...........###..#####.......#
....#..#.#####.......#.#######
###....#.#####....##.#.#
###...##....#......#.).#
......(...#.#..........#
.###.#......#..........#
.#.#.#.#..###........(.#
...#.#.#.#.............#


There were no monsters in sight!

Vanquished Creatures
  A dart slug (D:1)
  3 goblins (D:1)
  3 hobgoblins (D:1)
  A jackal (D:1)
  3 kobolds (D:1)
  A quokka (D:1)
  A ball python (D:1)
  3 bats (D:1)
  3 frilled lizards (D:1)
  2 rats (D:1)
21 creatures vanquished.

Notes
Turn   | Place    | Note
-------+----------+-------------------------------------------
     0 | D:1      | haircute the Gargoyle Berserker began the quest for the
                  | Orb.
     0 | D:1      | Reached XP level 1. HP: 14/14 MP: 1/1
   307 | D:1      | Reached XP level 2. HP: 17/19 MP: 2/2
   748 | D:1      | Reached ** piety under Trog
   749 | D:1      | Reached XP level 3. HP: 24/24 MP: 3/3
   753 | D:1      | Quit the game

Illustrated notes

Levels and vault maps discovered:
D:1:      denvon_arrival_planthouse, layout_basic, st_stairs_9, eino_curves_04
D:2:      layout_loops_cross, uniq_natasha

Action                   || total
-------------------------++-------
Melee: Mace              ||    63
Armor: Animal skin       ||    28
Dodge: Dodged            ||    57

Table legend: (Time is in decaauts)
 A = Elapsed time spent in this place.
 B = Non-inter-level travel time spent in this place.
 C = Inter-level travel time spent in this place.
 D = Time resting spent in this place.
 E = Time spent auto-exploring this place.
 F = Levels seen in this place.
 G = Mean time per level.
                   A        B        C        D        E       F      G
               +--------+--------+--------+--------+--------+-----+--------+
         Total |    768 |    768 |      0 |      0 |    473 |   2 |  384.0 |
       Dungeon |    768 |    768 |      0 |      0 |    473 |   2 |  384.0 |
               +--------+--------+--------+--------+--------+-----+--------+

Top non-repeatable levels by time:
     D:1: 757 daAuts
     D:2: 11 daAuts
